 Dungeon Crawl Stone Soup version 0.28.0-47-ge53b351184 (webtiles) character file.

Game seed: 2336171286242085700

5681 Zeld the Cleaver (level 10, 0/96 HPs)
             Began as a Minotaur Berserker on May 10, 2022.
             Was a Priest of Trog.
             Slain by a troll (2 damage)
             ... on level 10 of the Dungeon.
             The game lasted 00:09:02 (11846 turns).

Zeld the Cleaver (Minotaur Berserker)              Turns: 11846, Time: 00:09:02

Health: 0/96       AC: 15    Str: 27    XL:     10   Next: 47%
Magic:  9/9        EV: 11    Int:  4    God:    Trog [***...]
Gold:   473        SH:  0    Dex: 16    Spells: 9/9 levels left

rFire   . . .      SeeInvis .   B - +10 falchion "Innesogh" {holy, Str+2 Dex+5}
rCold   . . .      Faith    .   (no shield)
rNeg    . . .      Spirit   .   b - +0 plate armour
rPois   .          Reflect  .   (helmet restricted)
rElec   .          Harm     .   l - +0 cloak
rCorr   .          Rampage  .   (no gloves)
Will    ++...                   (no boots)
Stlth   ..........              (no amulet)
HPRegen 1.26/turn               (no ring)
MPRegen 0.11/turn               (no ring)

@: strong-willed, regenerating
A: horns 2, retaliatory headbutt
a: Renounce Religion, Berserk, Trog's Hand


You were on level 10 of the Dungeon.
You worshipped Trog.
Trog was most pleased with you.
You visited 1 branch of the dungeon, and saw 10 of its levels.
You also visited: Ossuary.

You collected 473 gold pieces.

Inventory:

Hand Weapons
 a - a +2 war axe
 B - the +10 falchion "Innesogh" (weapon) {holy, Str+2 Dex+5}
   (You found it on level 6 of the Dungeon)

   It has been blessed by the Shining One to cause great damage to the undead
   and demons.
   Str:       It affects your strength (+2).
   Dex:       It affects your dexterity (+5).
Armour
 b - a +0 plate armour (worn)
 l - a +0 cloak (worn)
Jewellery
 w - an amulet of regeneration
 x - a ring of protection from cold
 C - a ring of flight
Wands
 r - a wand of flame (56)
 D - a wand of polymorph (3)
Scrolls
 e - 2 scrolls of brand weapon
 h - 2 scrolls of enchant weapon
 j - 3 scrolls of teleportation
 o - a scroll of holy word
 t - 3 scrolls of fear
 y - a scroll of blinking
 A - a scroll of summoning
Potions
 c - 2 potions of lignification {unknown}
 d - a potion of might {unknown}
 f - 4 potions of degeneration {unknown}
 g - 2 potions of magic {unknown}
 i - 7 potions of curing {unknown}
 k - a potion of ambrosia {unknown}
 n - 2 potions of cancellation {unknown}
 p - 4 potions of mutation {unknown}
 q - 3 potions of resistance {unknown}
 s - 3 potions of berserk rage {unknown}
 u - a potion of haste {unknown}
 v - a potion of invisibility {unknown}
 z - 2 potions of heal wounds {unknown}
Miscellaneous
 E - a lightning rod (4/4)


   Skills:
 * Level 11.4 Fighting
 * Level 11.5 Axes
 + Level 8.1 Armour
 + Level 7.3 Dodging


You had 9 spell levels left.
You didn't know any spells.
Your spell library was empty.

Dungeon Overview and Level Annotations

Branches:
Dungeon (10/15)            Temple (0/1) D:6            Lair (0/6) D:9
Ossuary (visited)
    Orc: D:9-12

Altars:
Cheibriados
Gozag
Kikubaaqudgha
Makhleb
Okawaru
Qazlal
Sif Muna
Trog
Xom
Yredelemnul
Zin
Lugonu

Shops:
D:4 *

Portals:
Abyss: D:6

Annotations:
D:6 2 transporters, Icepheonix32's ghost, novice DsIE
D:8 2 transporters


Innate Abilities, Weirdness & Mutations

You have a pair of horns on your head.
You reflexively headbutt those who attack you in melee.


Message History

The centaur hits you but does no damage.
The centaur closely misses you. The troll bites you! The troll claws you.
The troll barely misses you.
You are too injured to fight recklessly!
You are too injured to fight recklessly!
You are too injured to fight recklessly!
You are too injured to fight recklessly!
You hit the centaur.
The centaur is almost dead.
The centaur closely misses you. x2
The centaur hits you but does no damage.
The centaur misses you.
The troll closely misses you. x2; The troll claws you!
Unknown command.
You hit the centaur.
You kill the centaur!
Trog accepts your kill. The troll bites you but does no damage.
The troll claws you! The troll claws you but does no damage.
Unknown command.
You slash the troll! Your headbutt misses the troll.
The troll is heavily wounded.
The troll barely misses you. The troll claws you but does no damage.
The troll closely misses you.
Unknown command.
You slash the troll! You headbutt the troll!
The troll is almost dead.
The troll bites you!
* * * LOW HITPOINT WARNING * * *
The troll misses you. The troll closely misses you. The troll bites you!
* * * LOW HITPOINT WARNING * * *
The troll claws you.
* * * LOW HITPOINT WARNING * * *
The troll claws you!
* * * LOW HITPOINT WARNING * * *
Your skin crawls.
You feel strong-willed. The troll bites you.
* * * LOW HITPOINT WARNING * * *
The troll claws you.
You die...

......#......##
<......^......#
......#.......#.
................
................
.......>........
.......)........
.....(.@..........
.......T..........
.................#
......#..#..#...$.
......#..........
......##......#.
......#......##
...........###
.........##.##


You could see a troll.

Vanquished Creatures
  A two-headed ogre (D:5)
  An ugly thing (D:9)
  Joseph (D:8)
  A freezing wraith (D:9)
  Grinder (D:5)
  2 trolls (D:9)
  3 slime creatures
  Prince Ribbit (D:5)
  A wyvern (D:9)
  A wraith (D:9)
  A steam dragon (D:8)
  An orc warrior (D:9)
  A black bear (D:4)
  An ice beast (D:7)
  A sky beast (D:7)
  A necrophage (D:7)
  A hornet zombie (D:6)
  A centaur (D:10)
  2 ogres
  A kobold brigand (D:8)
  2 bullfrogs
  A wyvern zombie (D:9)
  9 wights
  A howler monkey (D:9)
  A centaur zombie (D:6)
  A jelly (D:5)
  A centaur skeleton (D:7)
  6 hounds (D:5)
  3 orc priests
  A bullfrog skeleton (D:5)
  4 orc wizards
  Ijyb (D:4)
  2 iguanas
  A mummy (Ossuary)
  A howler monkey zombie (D:5)
  6 adders
  A shadow imp (D:6)
  2 white imps
  An adder skeleton (D:4)
  2 worms (D:2)
  2 dart slugs
  13 orcs
  6 spectral bats (Ossuary)
  3 ball pythons
  5 bats
  7 endoplasms
  3 giant cockroaches
  11 goblins
  7 hobgoblins
  15 kobolds
  5 quokkas
  2 bat simulacra (Ossuary)
  5 frilled lizards
  12 gnoll zombies (Ossuary)
  A goblin simulacrum (Ossuary)
  3 goblin zombies (Ossuary)
  3 hobgoblin zombies (Ossuary)
  6 kobold simulacra (Ossuary)
  4 kobold zombies (Ossuary)
  8 orc zombies (Ossuary)
  7 rats
  3 rat simulacra (Ossuary)
  2 spectral goblins (Ossuary)
  4 spectral kobolds (Ossuary)
  4 spectral rats (Ossuary)
212 creatures vanquished.

Vanquished Creatures (others)
  A wizard (D:9)
1 creature vanquished.

Grand Total: 213 creatures vanquished

Notes
Turn   | Place    | Note
-------+----------+-------------------------------------------
     0 | D:1      | Zeld the Minotaur Berserker began the quest for the Orb.
     0 | D:1      | Reached XP level 1. HP: 19/19 MP: 0/0
   295 | D:1      | Reached XP level 2. HP: 27/27 MP: 1/1
   973 | D:1      | Reached XP level 3. HP: 33/33 MP: 2/2
  1398 | D:2      | Reached ** piety under Trog
  1788 | D:2      | Found a snail-covered altar of Cheibriados.
  2121 | D:3      | Reached XP level 4. HP: 31/41 MP: 3/3
  3163 | D:4      | Noticed an ogre
  3164 | D:4      | Found Kask's Overcharged Wands.
  3169 | D:4      | Killed an ogre
  3170 | D:4      | Reached skill level 5 in Fighting
  3170 | D:4      | Reached skill level 5 in Axes
  3170 | D:4      | Reached XP level 5. HP: 37/48 MP: 4/4
  3562 | D:4      | Noticed a black bear
  3571 | D:4      | Killed a black bear
  3572 | D:4      | Reached XP level 6. HP: 56/56 MP: 5/5
  3725 | D:4      | Noticed Ijyb
  3744 | D:4      | Killed Ijyb
  4385 | D:5      | Entered Level 5 of the Dungeon
  4426 | D:5      | Found an iron altar of Okawaru.
  4522 | D:5      | Found an ancient bone altar of Kikubaaqudgha.
  4600 | D:5      | Found a shimmering altar of Xom.
  4600 | D:5      | Noticed Prince Ribbit
  4620 | D:5      | Reached XP level 7. HP: 49/63 MP: 6/6
  4631 | D:5      | Killed Prince Ribbit
  4883 | D:5      | Found a snail-covered altar of Cheibriados.
  4929 | D:5      | Found a burning altar of Makhleb.
  5042 | D:5      | Noticed Grinder
  5050 | D:5      | Killed Grinder
  5051 | D:5      | Reached skill level 5 in Armour
  5051 | D:5      | Reached XP level 8. HP: 73/73 MP: 7/7
  5113 | D:5      | Noticed a two-headed ogre
  5129 | D:5      | Killed a two-headed ogre
  5130 | D:5      | Reached skill level 5 in Dodging
  5634 | D:5      | Found a basalt altar of Yredelemnul.
  5806 | D:6      | Found a transporter.
  5927 | D:6      | Noticed an orange demon
  6004 | D:6      | Found a staircase to the Ecumenical Temple.
  6063 | D:6      | Noticed Icepheonix32's ghost (novice DsIE)
  6065 | D:6      | Found a one-way gate to the infinite horrors of the Abyss.
  6090 | D:6      | Identified the +10 falchion "Innesogh" {holy, Str+2 Dex+5}
  6517 | D:6      | Found a transporter.
  7107 | D:7      | Reached XP level 9. HP: 58/82 MP: 8/8
  7121 | D:7      | Found a sand-covered staircase.
  7152 | Ossuary  | Entered an ossuary
  7280 | Ossuary  | Reached *** piety under Trog
  7516 | Ossuary  | Reached **** piety under Trog
  8144 | D:7      | Found an opulent altar of Gozag.
  8294 | D:7      | Found a glowing silver altar of Zin.
  8911 | D:8      | Noticed Joseph
  8923 | D:8      | Killed Joseph
  8924 | D:8      | Reached skill level 10 in Axes
  9022 | D:8      | Reached skill level 10 in Fighting
  9549 | D:8      | Found a transporter.
  9550 | D:8      | Noticed a purple ugly thing
  9551 | D:8      | Found a corrupted altar of Lugonu.
  9551 | D:8      | Noticed a green ugly thing
  9551 | D:8      | Noticed a cyan ugly thing
  9552 | D:8      | Found a transporter.
 10058 | D:9      | Found a shimmering blue altar of Sif Muna.
 10093 | D:9      | Noticed a freezing wraith
 10107 | D:9      | Killed a freezing wraith
 10299 | D:9      | Noticed a troll
 10307 | D:9      | Killed a troll
 10308 | D:9      | Reached XP level 10. HP: 75/94 MP: 9/9
 10447 | D:9      | Noticed a red ugly thing
 10452 | D:9      | Killed a red ugly thing
 10756 | D:9      | Found a staircase to the Lair.
 11316 | D:9      | Found a bloodstained altar of Trog.
 11318 | D:9      | Noticed a wizard
 11322 | D:9      | Killed a wizard
 11481 | D:10     | Entered Level 10 of the Dungeon
 11481 | D:10     | Found a stormy altar of Qazlal.
 11845 | D:10     | HP: 4/96 [troll (7)]
 11846 | D:10     | Slain by a troll

Illustrated notes

Levels and vault maps discovered:
D:1:      elethiomel_arrival_maze, layout_basic, roderic_three_in_a_row
D:2:      layout_basic, basic_altar, minmay_tromino_v7
D:3:      layout_basic, nrook_mini_vaults
D:4:      kennysheep_the_goblin_king, layout_rooms,
          nicolae_shop_overcharged_wands
D:5:      layout_basic, cheibriados_altar_1, lemuel_doored_altar,
          marbit_many_paths, makhleb_heckhound_becter,
          mainiacjoe_overflow_catwalk_spiral, uniq_grinder, uniq_prince_ribbit1
D:6:      layout_gridville, minmay_temple_entry_fiery,
          gammafunk_ghost_abyssal_escape
D:7:      layout_basic, pdpol_temple_overflow_zin_treasury_gozag_greed,
          chequers_ossuary_entry_cave
D:8:      gammafunk_corrupted_shrine, layout_basic, serial_glass,
          glass_columns_a, glass_columns_a, glass_columns_a, glass_columns_a,
          glass_columns_b, glass_columns_a, glass_columns_a, glass_columns_a,
          due_unseen_surprise, item_on_display_b, uniq_joseph
D:9:      layout_layer_cave, mainiacjoe_overflow_six_doors_small, trog_wizard,
          kennysheep_generic_room_4
D:10:     layout_cross, tso_metal_star, mainiacjoe_overflow_surrounded_room,
          overflow_temple_1_default, hellmonk_ghost_big_iron,
          bh_hangedman_babel_library

Skill      XL: |  1  2  3  4  5  6  7  8  9 10 |
---------------+-------------------------------+-----
Fighting       | 4 5 6 7 8 10 11 | 11.4
Axes           | 4 5 6 7 9 10 11 | 11.5
Armour         | 3 4 5 6 7 8 |  8.1
Dodging        | 3 4 5 6 7 |  7.3

Action                   |  1- 3 |  4- 6 |  7- 9 | 10-12 || total
-------------------------+-------+-------+-------+-------++-------
Melee: Hand axe          |    86 |   118 |    57 |       ||   261
       Headbutt          |    10 |    19 |    38 |    13 ||    80
       Punch             |     1 |     1 |     5 |     2 ||     9
       Falchion          |       |       |   198 |    50 ||   248
       Unarmed           |       |       |     9 |       ||     9
Invok: Berserk           |       |     3 |     5 |     2 ||    10
       Trog's Hand       |       |       |       |     1 ||     1
Evoke: Wand              |       |       |     1 |       ||     1
  Use: Scroll            |       |       |     6 |     4 ||    10
 Stab: Sleeping          |     1 |       |       |       ||     1
Armor: Animal skin       |    12 |    21 |       |       ||    33
       Plate armour      |       |    13 |   149 |    39 ||   201
Dodge: Dodged            |    63 |    60 |   110 |    38 ||   271
